 Dungeon Sprint DCSS version 0.30.1-11-g7821555f0a (webtiles) character file.

Game seed: 3055180269082957344

24 Heoruswealwe the Poker (level 2, -9/29 HPs)
             Began as a Minotaur Fighter on Jan 4, 2024.
             Mangled by an ogre
             ... wielding a +0 giant spiked club
              (14 damage)
             ... in the Dungeon (Sprint IX: "|||||||||||||||||||||||||||||").
             The game lasted 00:00:33 (59 turns).

Heoruswealwe the Poker (Minotaur Fighter)             Turns: 59, Time: 00:00:34

Health: -9/29      AC:  7    Str: 20    XL:     2   Next: 79%
Magic:  1/1        EV:  9    Int:  5    God:
Gold:   0          SH:  4    Dex:  9    Spells: 1/1 levels left

rFire   . . .        a - +0 trident
rCold   . . .        d - +0 buckler
rNeg    . . .        c - +0 scale mail
rPois   .            (helmet restricted)
rElec   .            (no cloak)
rCorr   .            (no gloves)
SInv    .            (no boots)
Will    .....        (no amulet) Stlth
                     (no ring)
HPRegen 0.24/turn    (no ring)
MPRegen 0.07/turn

%: no teleportation
@: no status effects
A: horns 2, retaliatory headbutt
a: no special abilities


You were in the Dungeon.
You visited 1 branch

Inventory:

Hand Weapons
 a - a +0 trident (weapon)
Armour
 c - a +0 scale mail (worn)
 d - a +0 buckler (worn)
Scrolls
 j - a scroll of blinking
Potions
 b - a potion of might
 e - a potion of curing
 g - a potion of haste
 i - a potion of berserk rage


   Skills:
 + Level 5.0 Fighting
 * Level 5.3 Polearms
 + Level 4.9 Armour
 - Level 3.6 Shields


You had one spell level left.
You didn't know any spells.
Your spell library was empty.

Dungeon Overview and Level Annotations

Branches:
Dungeon (1/1)

Altars:


Innate Abilities, Weirdness & Mutations

You have a pair of horns on your head.
You reflexively headbutt those who attack you in melee.


Message History

You see here a ball python corpse.
You start resting.
HP restored.
You open the door. 2 adders, an ogre, a quokka and an ice beast come into view.
The adder hisses angrily. x2; The ogre shouts!
The adder misses you.
You completely miss the adder. The adder barely misses you.
You puncture the adder! Your headbutt misses the adder.
The adder is almost dead.
You block the adder's attack. The adder barely misses you.
You closely miss the adder. Your headbutt misses the adder.
The adder is almost dead.
The adder closely misses you. You furiously retaliate!
You headbutt the adder.
You kill the adder!
The quokka twitches its whiskers.
Your Polearms skill increases to level 4!
You have reached level 2!
You puncture the adder! You headbutt the adder.
You kill the adder!
Your Fighting skill increases to level 5!
Your Polearms skill increases to level 5!
The ogre hits you with a +0 giant spiked club!
Ouch! That really hurt!
There is an open door, spattered with blood here.
Things that are here:
an adder corpse; an adder corpse You feel much better.
The ogre hits you with a +0 giant spiked club!!
Ouch! That really hurt!
* * * LOW HITPOINT WARNING * * *
You barely miss the ogre. You hit the ogre. You headbutt the ogre!
The ogre is moderately wounded.
The ogre closely misses you.
You barely miss the ogre.
You headbutt the ogre, but do no damage.
The ogre is moderately wounded.
The ogre hits you with a +0 giant spiked club!
You die... ▓▓▓▓▓▓▓▓▓▓▓▓▓▓▓▓▓▓ ▓<.!.)†....@OrY..+ ▓▓▓▓▓▓▓▓▓▓▓▓▓▓▓▓▓▓

You could see an ice beast, an ogre and a quokka.

Vanquished Creatures
  2 adders (D)
  A ball python (D)
  A bat (D)
  A hobgoblin (D)
  A kobold (D)
  A rat (D)
7 creatures vanquished.

Notes
Turn   | Place    | Note
-------+----------+-------------------------------------------
     0 | D        | Heoruswealwe the Minotaur Fighter began the quest for the
                  | Orb.
     0 | D        | Reached XP level 1. HP: 19/19 MP: 0/0
    50 | D        | Noticed an ogre
    50 | D        | Noticed an ice beast
    54 | D        | Reached XP level 2. HP: 28/28 MP: 1/1
    55 | D        | Reached skill level 5 in Fighting
    55 | D        | Reached skill level 5 in Polearms
    59 | D        | Mangled by an ogre

Illustrated notes

Levels and vault maps discovered:
D:        linesprint [early_d, line_temple, items_1, d_10, items_2, lair_1,
          lair_end, items_3, orc_1, orc_end, items_4, d_15, swamp_1, shoals_1,
          snake_1, spider_1, d_20, vaults_1, items_5, swamp_end, shoals_end,
          snake_end, spider_end, vaults_end, d_27, items_6, zot_1, zot_end,
          crypt_end, forest_end, elf_end, slime_end, tomb_end, abyss_end,
          pan_hell_end]

Skill      XL: |  1  2 |
---------------+-------+-----
Polearms       | 4 5 |  5.3
Fighting       | 4 5 |  5.0
Armour         | 4 |  4.9
Shields        | |  3.6

Action                     || total
---------------------------++-------
  Melee: Trident           ||    24
         Headbutt          ||     7
    Use: Potion            ||     1
 Armour: Scale mail        ||     7
  Dodge: Dodged            ||     7
  Block: Buckler           ||     6
